 Dungeon Crawl Stone Soup version 0.20-a0-472-g5c05303 (webtiles) character file.

2306 Goblin1989 the Basher (level 9, -8/57 HPs)
             Began as a Barachian Fighter on Jan 14, 2017.
             Was a Follower of Hepliaklqana.
             Mangled by a wight
             ... wielding a +0 flail
              (10 damage)
             ... on level 7 of the Dungeon.
             The game lasted 00:17:50 (6077 turns).

Goblin1989 the Basher (Barachian Fighter)           Turns: 6077, Time: 00:17:51

Health: -8/57      AC: 11    Str: 17    XL:     9   Next: 41%
Magic:  9/9        EV:  4    Int:  6    God:    Hepliaklqana [*.....]
Gold:   446        SH:  7    Dex: 11    Spells: 8/8 levels left

rFire  . . .     SeeInvis +     b - +0 whip (freeze)
rCold  . . .     Gourm    .     p - +0 chain mail
rNeg   . . .     Faith    .     c - +0 shield
rPois  .         Spirit   .     (no helmet)
rElec  .         Reflect  .     n - +0 cloak
rCorr  .         Harm     .     y - +0 pair of gloves
MR     +....                    u - +0 pair of boots
Stlth  ..........               r - amulet of regeneration
                                s - ring of see invisible
                                m - ring of protection from magic

@: heavily drained, slow
A: swims, reduced essence, slowness 1, strong legs 1
a: Hop, Recall Ancestor, Ancestor Identity, Renounce Religion


You were on level 7 of the Dungeon.
You worshipped Hepliaklqana.
Hepliaklqana was aware of your devotion.
You were not hungry.

You visited 1 branch of the dungeon, and saw 7 of its levels.

You collected 446 gold pieces.

Inventory:

Hand Weapons
 a - a +0 flail
 b - a +0 whip of freezing (weapon)
Armour
 c - a +0 shield (worn)
 n - a +0 cloak (worn)
 p - a +0 chain mail (worn)
 u - a +0 pair of boots (worn)
 y - a +0 pair of gloves (worn)
 K - a +2 shield
 M - a +0 helmet
Jewellery
 m - a ring of protection from magic (left hand)
 r - an amulet of regeneration (around neck)
 s - a ring of see invisible (right hand)
 F - an uncursed ring of wizardry
 H - a +2 ring of strength {unknown}
 J - an uncursed amulet of harm {unknown}
 N - a +6 ring of intelligence {unknown}
 O - an uncursed ring of protection from magic
Wands
 C - a wand of confusion (28/48)
 I - a wand of iceblast (7/15)
Scrolls
 d - a scroll of amnesia {unknown}
 e - 4 scrolls of remove curse {unknown}
 g - a scroll of fear {unknown}
 h - 3 scrolls of teleportation {unknown}
 j - 4 scrolls of noise {unknown}
 l - 4 scrolls of identify {unknown}
 v - a scroll of fog {unknown}
 w - 2 scrolls of enchant armour {unknown}
 D - a scroll of immolation {unknown}
 E - 2 scrolls of enchant weapon {unknown}
Potions
 k - a potion of brilliance {unknown}
 o - a potion of cure mutation {unknown}
 q - a potion of resistance {unknown}
 t - 3 potions of heal wounds {unknown}
 x - 6 potions of curing {@q1}
 z - 3 potions of flight {unknown}
 B - a potion of agility {unknown}
Books
 A - a book of Maledictions

   Spells                             Type                      Level
   a - Corona                         Hexes                        1
   b - Ensorcelled Hibernation        Hexes/Ice                    2
   c - Confuse                        Hexes                        3
   d - Tukima's Dance                 Hexes                        3
   e - Dazzling Spray                 Conjuration/Hexes            3
Comestibles
 f - 6 bread rations {@e1}
 i - 4 meat rations {@e2}
 G - a royal jelly
 L - a chunk of flesh {@w0}


   Skills:
 - Level 3.2(1.3) Fighting
 + Level 12.1(9.6) Maces & Flails
 - Level 3.2(1.3) Armour
 - Level 3.0(1.0) Shields


You had 8 spell levels left.
You didn't know any spells.

Dungeon Overview and Level Annotations

Branches:
Dungeon (7/15)             Temple (0/1) D:4

Altars:
Fedhas
Hepliaklqana
Makhleb
Qazlal
Uskayaw


Innate Abilities, Weirdness & Mutations

You can swim through water.
You cover ground slowly.
You can hop short distances.
Your life essence is reduced. (-10% HP)


Message History

The hornet zombie is severely damaged.
You block the hornet zombie's attack. The wight hits you with a flail.
* * * LOW HITPOINT WARNING * * *
You feel drained.
Hori hits the hornet zombie.
You take 2 damage, and have 1/57 hp.
Unknown command.
You hit the hornet zombie but do no damage.
The hornet zombie is almost destroyed.
The hornet zombie hits you but does no damage.
Unknown command.
Your shield and chain mail prevent you from hitting the wight.
The wight hits you but does no damage.
Hori hits the hornet zombie but does no damage.
You block the hornet zombie's attack.
Unknown command.
You hit the wight.
The wight is moderately damaged.
The hornet zombie barely misses you.
Hori hits the hornet zombie.
The wight hits you with a flail!
You die...

█... █... ███ █... ....
██.. ..... ██.
.....████████ █.
............████████████
............▲...........
.......@....███....█████
...)..ZRz....)∆.....[...
.............██....█████
.............██....█ █
.?...........██....█ █
.....███████.███████ █
.████ █... █ █... █ ...
█


You could see the friendly Hori the ancestor, a wight and a hornet zombie.

Vanquished Creatures
  Pikel (D:5)
  Sigmund (D:2)
  Eustachio (D:4)
  An ogre (D:6)
  The ghost of Goblin1989 the Cudgeler, an amateur BaFi (D:4)
  3 bullfrogs (D:6)
  A scorpion (D:4)
  2 wights (D:7)
  2 howler monkeys
  A bullfrog zombie (D:6)
  2 orc priests (D:4)
  2 hounds (D:3)
  2 orc wizards (D:4)
  Natasha (thrice) (D:2)
  5 worker ants
  11 adders
  An adder skeleton (D:5)
  An adder zombie (D:7)
  2 worms (D:2)
  2 dart slugs
  19 orcs
  2 ball pythons
  5 giant cockroaches
  14 goblins
  8 hobgoblins
  2 quokkas
  A bat (D:3)
  2 frilled lizards
  5 kobolds
  6 rats
109 creatures vanquished.

Vanquished Creatures (collateral kills)
  A sky beast (D:6)
  An ogre (D:7)
  A centaur (D:7)
  A scorpion (D:6)
  A wight (D:7)
  2 worker ant zombies
  A dart slug (D:4)
  An orc (D:5)
9 creatures vanquished.

Grand Total: 118 creatures vanquished

Notes
Turn   | Place    | Note
-------+----------+-------------------------------------------
     0 | D:1      | Goblin1989 the Barachian Fighter began the quest for the Orb.
     0 | D:1      | Reached XP level 1. HP: 18/18 MP: 1/1
   116 | D:1      | Reached XP level 2. HP: 23/24 MP: 2/2
   331 | D:1      | Reached skill level 3 in Maces & Flails
   833 | D:2      | Noticed Sigmund
   879 | D:2      | Noticed Natasha
   886 | D:2      | Killed Natasha
   886 | D:2      | Reached XP level 3. HP: 11/29 MP: 3/3
  1191 | D:2      | Reached skill level 4 in Maces & Flails
  1333 | D:2      | Reached XP level 4. HP: 35/35 MP: 4/4
  1362 | D:2      | Noticed Natasha
  1379 | D:2      | Killed Natasha
  1443 | D:2      | Killed Sigmund
  1443 | D:2      | Reached skill level 6 in Maces & Flails
  1443 | D:2      | Reached XP level 5. HP: 7/41 MP: 5/5
  1443 | D:2      | Reached XP level 6. HP: 8/47 MP: 6/6
  1834 | D:2      | Noticed Natasha
  1844 | D:2      | Killed Natasha
  2399 | D:3      | Found a stormy altar of Qazlal.
  3180 | D:4      | Reached skill level 7 in Maces & Flails
  3444 | D:3      | Reached XP level 7. HP: 52/52 MP: 7/7
  3642 | D:4      | Found a hide-covered altar of Uskayaw.
  3802 | D:4      | Reached skill level 8 in Maces & Flails
  4112 | D:4      | Noticed Goblin1989's ghost (amateur BaFi)
  4129 | D:4      | Killed Goblin1989's ghost
  4144 | D:4      | Noticed Eustachio
  4171 | D:4      | Found a hazy altar of Hepliaklqana.
  4173 | D:4      | Killed Eustachio
  4173 | D:4      | Reached skill level 9 in Maces & Flails
  4173 | D:4      | Reached XP level 8. HP: 21/58 MP: 8/8
  4241 | D:4      | Became a worshipper of Hepliaklqana the Forgotten
  4278 | D:4      | Found a staircase to the Ecumenical Temple.
  4435 | D:5      | Entered Level 5 of the Dungeon
  4462 | D:5      | Noticed Pikel
  4539 | D:5      | Found a burning altar of Makhleb.
  4723 | D:5      | Killed Pikel
  4723 | D:5      | Reached skill level 10 in Maces & Flails
  5096 | D:5      | Reached * piety under Hepliaklqana
  5178 | D:6      | Reached skill level 11 in Maces & Flails
  5234 | D:6      | Found a blossoming altar of Fedhas.
  5247 | D:6      | Reached XP level 9. HP: 46/57 MP: 9/9
  5997 | D:7      | Reached skill level 12 in Maces & Flails
  6074 | D:7      | HP: 1/57 [wight/flail (2)]
  6077 | D:7      | Mangled by a wight

Vault maps used:
D:1:      kennysheep_arrival_forest
D:2:      uniq_natasha, uniq_sigmund
D:3:      nicolae_qazlal_eye_of_the_storm
D:4:      lemuel_crystal_altar, lemuel_round_altar, uniq_eustachio
D:5:      cheibrodos_helix_gallery, first_bread, bloody_makhleb, uniq_pikel
D:6:      old_standard_altar, grunt_ministairs_6, hangedman_decor_growths
D:7:      uniq_crazy_yiuf_cottage

Skill      XL: |  1  2  3  4  5  6  7  8  9 |
---------------+----------------------------+-----
Maces & Flails | 3 4 6 7 9 11 12 | 12.1
Fighting       | |  3.2
Armour         | |  3.2
Shields        | |  3.0

Action                   |  1- 3 |  4- 6 |  7- 9 || total
-------------------------+-------+-------+-------++-------
Melee: Flail             |    86 |   227 |   260 ||   573
       Whip              |       |       |   216 ||   216
Invok: Recall Ancestor   |       |       |     2 ||     2
 Abil: Hop               |       |     1 |       ||     1
  Use: Potion            |       |     1 |     1 ||     2
 Stab: Distracted        |       |       |     3 ||     3
  Eat: Chunk             |     2 |     8 |    10 ||    20
Armor: Scale mail        |    18 |       |       ||    18
       Chain mail        |    18 |   121 |   221 ||   360
Dodge: Dodged            |    22 |    52 |    65 ||   139
Block: Shield            |    19 |   108 |   157 ||   284

Vault maps used:
D:1:      kennysheep_arrival_forest
D:2:      uniq_natasha, uniq_sigmund
D:3:      nicolae_qazlal_eye_of_the_storm
D:4:      lemuel_crystal_altar, lemuel_round_altar, uniq_eustachio
D:5:      cheibrodos_helix_gallery, first_bread, bloody_makhleb, uniq_pikel
D:6:      old_standard_altar, grunt_ministairs_6, hangedman_decor_growths
D:7:      uniq_crazy_yiuf_cottage
